AoeStats
← Wollolo

Arena

506929617Analyzed
4v4 RM · 17d ago on Sep 15, 2026· 43m 28s· 8 players
Game mode
Random Map
Map size
Large (8 player)
Population
200
Speed
Normal
Resources
Standard
Victory
Conquest
Starting age
Dark Age
Ending age
Imperial Age
RankedLock teamsTeams togetherTeam positionsShared explorationLock speedFull tech treeHidden civsTurbo modeCheats
Victory
Defeat
🇩🇪 Turks · Germany
850
+12
🇩🇪 Britons · Germany
800
+14
🇵🇪 Khmer · Peru
776
+15
🇩🇪 Persians · Germany
741
+17
🇫🇷 Bohemians · France
849
-18
🇬🇧 Persians · United Kingdom
847
-18
🇨🇦 Burgundians · Canada
673
-11
🇺🇸 Mongols · United States
671
-11
MVXD
5:17 Loom
11:52 Feudal Age
15:49 Castle Age
13:50 Loom
14:24 Double-Bit Axe
14:20 Horse Collar
16:10 Fletching
17:13 Bow Saw
17:05 Heavy Plow
20:56 Stone Mining
22:16 Gambesons
22:19 Arson
21:54 Pikeman
28:16 Gold Mining
29:58 Wheelbarrow
29:09 Town Watch
30:21 Ballistics
30:30 Bodkin Arrow
31:58 Gold Shaft Mining
32:09 Hand Cart
34:59 Imperial Age
33:03 Squires
33:06 Scale Mail Armor
35:10 Elite Longbowman
37:09 Warwolf
37:05 Halberdier
37:48 Bracer
38:04 Chain Mail Armor
38:51 Chemistry
39:36 Scale Barding Armor
40:04 Plate Mail Armor
40:19 Yeomen
44:05 Conscription
43:16 Sappers
44:22 Hoardings
_marcus_
11:31 Feudal Age
13:40 Wheelbarrow
12:48 Horse Collar
12:56 Double-Bit Axe
21:15 Castle Age
19:33 Stone Mining
19:59 Gold Mining
20:45 Fletching
21:02 Padded Archer Armor
22:29 Bow Saw
23:42 Hand Cart
26:04 Heavy Plow
27:31 Murder Holes
31:48 Imperial Age
33:13 Conscription
34:40 Elite Janissary
38:42 Artillery
41:36 Gold Shaft Mining
42:06 Two-Man Saw
EDGE777
10:02 Feudal Age
10:29 Double-Bit Axe
10:25 Horse Collar
10:50 Gold Mining
15:15 Wheelbarrow
19:36 Castle Age
20:30 Bow Saw
20:21 Heavy Plow
21:00 Gold Shaft Mining
28:24 Imperial Age
32:12 Pikeman
34:11 Halberdier
35:03 Stone Mining
40:36 Chemistry
40:56 Ballistics
41:51 Hand Cart
41:09 Heavy Scorpion
DontDoDrugsKids
11:32 Feudal Age
11:54 Double-Bit Axe
11:51 Horse Collar
12:54 Gold Mining
15:04 Wheelbarrow
20:54 Castle Age
20:25 Bloodlines
20:24 Scale Barding Armor
20:20 Scale Mail Armor
21:07 Forging
22:58 Bow Saw
24:58 Husbandry
26:34 Heavy Plow
28:40 Chain Barding Armor
28:36 Chain Mail Armor
34:41 Imperial Age
33:15 Hand Cart
34:10 Gold Shaft Mining
33:26 Stone Mining
33:35 Stone Mining
34:27 Cavalier
37:43 Savar
40:04 Plate Barding Armor
40:00 Plate Mail Armor
40:07 Iron Casting
bigbaloopa
0:45 Loom
11:09 Feudal Age
11:48 Horse Collar
14:12 Wheelbarrow
17:48 Double-Bit Axe
21:47 Castle Age
20:15 Stone Mining
20:41 Gold Mining
22:42 Heavy Plow
22:19 Crossbowman
27:10 Bow Saw
28:13 Pikeman
30:12 Hand Cart
33:36 Thumb Ring
36:01 Stone Shaft Mining
36:20 Ballistics
40:21 Imperial Age
40:21 Fortified Wall
42:04 Chemistry
41:57 Gold Shaft Mining
42:18 Conscription
42:19 Drill
41:20 Elite Mangudai
42:53 Town Watch
Saino Bros
8:59 Horse Collar
12:50 Feudal Age
12:58 Wheelbarrow
19:41 Castle Age
18:49 Forging
22:38 Wheelbarrow
22:05 Heavy Plow
21:55 Double-Bit Axe
23:45 Hand Cart
25:24 Gold Mining
25:25 Stone Mining
26:25 Crop Rotation
27:43 Iron Casting
30:41 Gold Shaft Mining
30:19 Bow Saw
37:25 Imperial Age
39:08 Cavalier
Wollolo
11:34 Feudal Age
13:05 Horse Collar
17:44 Castle Age
17:19 Double-Bit Axe
24:15 Chemistry
23:36 Ballistics
32:50 Imperial Age
30:43 Bow Saw
32:40 Wheelbarrow
31:57 Fletching
32:07 Padded Archer Armor
32:20 Caravan
33:05 Bodkin Arrow
36:21 Leather Archer Armor
38:49 Hand Cart
38:36 Heavy Plow
43:19 Bracer
43:49 Ring Archer Armor
pro.secco
11:33 Feudal Age
17:36 Castle Age
17:06 Double-Bit Axe
21:25 Bow Saw
27:16 Pikeman
36:43 Imperial Age
34:39 Caravan
36:15 Wheelbarrow
36:26 Forging
36:16 Scale Mail Armor
36:04 Horse Collar
36:21 Elite Skirmisher
37:37 Heavy Plow
39:08 Iron Casting
39:06 Halberdier
Connection lost

Rejoining the realm…

Still unreachable

The connection could not be restored.

Session expired

The server has moved on; the page needs a fresh start.